 Dungeon Sprint DCSS version 0.28-a0-883-gc8d7bad45d (webtiles) character file.

Game seed: 2149566899817583912

6 mhtbhm the Chucker (level 1, -3/27 HPs)
             Began as a Minotaur Hunter on Nov 22, 2021.
             Slain by a gnoll sergeant (6 damage)
             ... in the Dungeon (Sprint IX: "|||||||||||||||||||||||||||||").
             The game lasted 00:00:10 (193 turns).

mhtbhm the Chucker (Minotaur Hunter)                 Turns: 193, Time: 00:00:11

Health: -3/27      AC:  3    Str: 16    XL:     1   Next: 75%
Magic:  0/0        EV: 11    Int:  8    God:
Gold:   0          SH:  0    Dex: 10    Spells: 0/0 levels left

rFire   . . .      SeeInvis .   a - +0 short sword
rCold   . . .      Faith    .   (no shield)
rNeg    . . .      Spirit   .   b - +0 leather armour
rPois   .          Reflect  .   (helmet restricted)
rElec   .          Harm     .   (no cloak)
rCorr   .          Rampage  .   (no gloves)
Will    .....      NoTele   +   (no boots)
Stlth   ..........              (no amulet)
HPRegen 0.09/turn               (no ring)
MPRegen 0.07/turn               (no ring)

@: berserking, lethally poisoned (-3 -> -17), very quick
A: horns 2, retaliatory headbutt
a: no special abilities


You were in the Dungeon.
You visited 1 branch

Inventory:

Hand Weapons
 a - a +0 short sword (weapon)
Missiles
 c - 6 javelins (quivered)
 d - 2 throwing nets
Armour
 b - a +0 leather armour (worn)
Scrolls
 j - a scroll of blinking
Potions
 e - a potion of curing
 f - a potion of heal wounds
 g - a potion of haste
 h - 2 potions of magic


   Skills:
 + Level 2.6 Fighting
 + Level 0.3 Short Blades
 + Level 5.1 Throwing
 + Level 1.1 Armour
 + Level 2.3 Dodging
 + Level 0.7 Stealth


You couldn't memorise any spells.
You didn't know any spells.
Your spell library was empty.

Dungeon Overview and Level Annotations

Branches:
Dungeon (1/1)

Altars:


Innate Abilities, Weirdness & Mutations

You have a pair of horns on your head.
You reflexively headbutt those who attack you in melee.


Message History

Your Throwing skill increases to level 5!
Things that are here:
a ball python corpse; a ball python corpse You start resting.
You start resting.
HP restored.
You open the door.
An iguana, 2 hounds, a black bear and a gnoll sergeant come into view.
The gnoll sergeant is wielding a +0 spear of venom.
The iguana hisses angrily.
The black bear growls angrily.
The hound barks!
Unknown command.
A red film seems to cover your vision as you go berserk!
You feel yourself moving faster!
You feel mighty!
The hound barks!
The gnoll sergeant shouts!
The gnoll sergeant barely misses you.
You feel a strong urge to attack something.
The gnoll sergeant hits you with a +0 spear of venom!
You are poisoned.
There is an open door here.
You barely miss the gnoll sergeant. You headbutt the gnoll sergeant!
The gnoll sergeant is moderately wounded.
You feel very sick.
The gnoll sergeant hits you with a +0 spear of venom.
You are more poisoned.
You hit the gnoll sergeant but do no damage.
You headbutt the gnoll sergeant.
The gnoll sergeant is heavily wounded.
* * * LOW HITPOINT WARNING * * *
You feel very sick.
You hit the gnoll sergeant but do no damage.
The gnoll sergeant is heavily wounded.
* * * LOW HITPOINT WARNING * * *
You feel sick. The gnoll sergeant barely misses you.
You puncture the gnoll sergeant!
Your headbutt misses the gnoll sergeant.
The gnoll sergeant is almost dead.
* * * LOW HITPOINT WARNING * * *
You feel very sick.
The gnoll sergeant hits you with a +0 spear of venom.
You die...

▓+▓
▓h▓
▓h▓
▓l▓
▓h▓
▓g▓
▓@▓
▓.▓
▓.▓
▓.▓
▓.▓
▓†▓
▓'▓
▓.▓
▓.▓


You could see a black bear, a gnoll sergeant, an iguana and 2 hounds.

Vanquished Creatures
  3 endoplasms (D)
  2 ball pythons (D)
5 creatures vanquished.

Notes
Turn   | Place    | Note
-------+----------+-------------------------------------------
     0 | D        | mhtbhm the Minotaur Hunter began the quest for the Orb.
     0 | D        | Reached XP level 1. HP: 18/18 MP: 0/0
     9 | D        | Reached skill level 1 in Armour
    15 | D        | Reached skill level 5 in Throwing
   187 | D        | Noticed a hound
   187 | D        | Noticed a hound
   187 | D        | Noticed an iguana
   187 | D        | Noticed a black bear
   187 | D        | Noticed a gnoll sergeant
   193 | D        | Slain by a gnoll sergeant

Illustrated notes

Levels and vault maps discovered:
D:        linesprint [early_d, line_temple, items_1, d_10, items_2, lair_1,
          lair_end, items_3, orc_1, orc_end, items_4, d_15, swamp_1, shoals_1,
          snake_1, spider_1, d_20, vaults_1, items_5, swamp_end, shoals_end,
          snake_end, spider_end, vaults_end, d_27, items_6, zot_1, zot_end,
          crypt_end, forest_end, elf_end, slime_end, tomb_end, abyss_end,
          pan_hell_end]

Skill      XL: |  1 |
---------------+----+-----
Armour         | 1 |  1.1
Throwing       | 5 |  5.1
Fighting       | |  2.6
Short Blades   | |  0.3
Dodging        | |  2.3
Stealth        | |  0.7

Action                   || total
-------------------------++-------
Melee: Short sword       ||    14
       Headbutt          ||     3
  Use: Potion            ||     1
Armor: Leather armour    ||     1
Dodge: Dodged            ||     6

Table legend: (Time is in decaauts)
 A = Elapsed time spent in this place.
 B = Non-inter-level travel time spent in this place.
 C = Inter-level travel time spent in this place.
 D = Time resting spent in this place.
 E = Time spent auto-exploring this place.
 F = Levels seen in this place.
 G = Mean time per level.
                   A        B        C        D        E       F      G
               +--------+--------+--------+--------+--------+-----+--------+
         Total |    192 |    192 |      0 |    167 |      0 |   1 |  192.0 |
       Dungeon |    192 |    192 |      0 |    167 |      0 |   1 |  192.0 |
               +--------+--------+--------+--------+--------+-----+--------+

Top non-repeatable levels by time:
       D: 192 daAuts
